 Dungeon Crawl Stone Soup version 0.19.4 (webtiles) character file.

1180 dngmouse the Slasher (level 8, -3/69 HPs)
             Began as a Grey Draconian Monk on Feb 5, 2017.
             Splashed by a jelly's acid (6 damage)
             ... on level 5 of the Dungeon.
             The game lasted 00:13:40 (3538 turns).

dngmouse the Slasher (Grey Draconian Monk)          Turns: 3538, Time: 00:13:42

Health: -3/69      AC:  4    Str: 19    XL:     8   Next: 18%
Magic:  8/8        EV: 14    Int: 11    God:
Gold:   152        SH:  6    Dex: 15    Spells: 1 memorised, 5 levels left

rFire  . . .     SeeInvis .     a - +0 falchion
rCold  . . .     Gourm    .     (armour unavailable)
rNeg   . . .     Faith    .     d - +2 buckler
rPois  .         Spirit   .     (helmet restricted)
rElec  .         Reflect  .     (no cloak)
rCorr  .         Harm     .     (no gloves)
MR     .....                    g - +0 pair of boots
Stlth  ++........               (no amulet)
                                (no ring)
                                n - ring of flight

@: mighty, lethally poisoned (-3 -> -4), corroded
A: walk through water, unfitting armour, unbreathing, cold-blooded, AC +11
a: Evoke Flight


You were on level 5 of the Dungeon.
You were hungry.

You visited 1 branch of the dungeon, and saw 5 of its levels.
You also visited: Sewer.

You collected 152 gold pieces.

Inventory:

Hand Weapons
 a - a +0 falchion (weapon)
Missiles
 p - 6 tomahawks
 u - a tomahawk of returning (quivered)
Armour
 d - a +2 buckler (worn)
 g - a +0 pair of boots (worn)
Jewellery
 n - a ring of flight (left hand)
Scrolls
 c - 6 scrolls of identify {unknown}
 e - 5 scrolls of teleportation {unknown}
 i - 3 scrolls of immolation {unknown}
 j - a scroll of enchant weapon {unknown}
 r - a scroll of magic mapping {unknown}
 s - 2 scrolls of remove curse {unknown}
Potions
 l - a potion of lignification
 o - 2 potions of resistance
 t - a potion of curing
 v - 3 potions of flight
Books
 m - a book of Minor Magic

   Spells                             Type                      Level
   a - Magic Dart                     Conjuration                  1
   b - Blink                          Translocation                2
   c - Call Imp                       Summoning                    2
   d - Repel Missiles                 Charms/Air                   2
   e - Slow                           Hexes                        2
   f - Conjure Flame                  Conjuration/Fire             3
   g - Mephitic Cloud                 Conjuration/Poison/Air       3
Comestibles
 b - a bread ration
 q - 2 meat rations
 w - 8 chunks of flesh
 x - a slice of pizza


   Skills:
 - Level 5.5 Fighting
 + Level 7.5 Long Blades
 + Level 4.6 Dodging
 - Level 1.7 Stealth
 - Level 1.0 Shields
 + Level 3.1 Translocations


You had 5 spell levels left.
You knew the following spells:

 Your Spells              Type           Power        Failure   Level  Hunger
a - Blink                 Tloc           N/A          24%         2    ###....


Dungeon Overview and Level Annotations

Branches:
Dungeon (5/15)
 Temple: D:4-7

Altars:


Innate Abilities, Weirdness & Mutations

You can walk through water.
Your dull iron-grey scales are very hard. (AC +11)
You cannot fit into any form of body armour.
You can survive without breathing.
You are cold-blooded and may be slowed by cold attacks.


Message History

You closely miss the phantom.
The phantom is severely damaged.
You feel sick.
The phantom hits you but does no damage.
You hit the phantom.
The phantom is almost destroyed.
The phantom hits you.
* * * LOW HITPOINT WARNING * * *
You barely miss the phantom.
The phantom is almost destroyed.
You feel sick.
The phantom blinks!
The jelly closely misses you.
You see here a frilled lizard corpse.
You hit the jelly.
Your hands burn!
* * * LOW HITPOINT WARNING * * *
The jelly is severely wounded.
The jelly hits you.
* * * LOW HITPOINT WARNING * * *
The acid corrodes you!
You are splashed with acid!
The acid burns!
You die...

####...#..####..# ....
.........#.....###...#
........#.....#......
#.........#..###.....#
+..(...#..))..##.....#
#.........#...##.<...#
#(...#.#..#).........#
#...(#.#.............#
#...(#@#.###.........+
#....#J#.#.........###
.##..W†..#.#.#+#+#.#.#
...................#...
...................##...
.....#.............# ...
##...#.#+#.......#.# #..
#. #.......# # #. ..
....#+###


You could see a jelly.

Vanquished Creatures
  The ghost of Azzok the Geomancer, a novice DDEE (D:5)
  Eustachio (D:4)
  A big kobold (Sewer)
  A scorpion (D:3)
  A bullfrog skeleton (D:4)
  An orc wizard (D:4)
  2 orc priests
  Jessica (D:3)
  Terence (D:3)
  An iguana (D:4)
  2 worker ants
  6 river rats
  3 adders
  2 oozes
  A worm (D:2)
  A dart slug (D:2)
  3 leopard geckos
  15 orcs
  A ball python (D:3)
  9 bats
  3 giant cockroaches (D:3)
  8 goblins
  4 hobgoblins
  11 jackals
  2 quokkas (D:5)
  4 frilled lizards
  12 kobolds
  A quokka skeleton (D:4)
  A quokka zombie (D:4)
  13 rats
113 creatures vanquished.

Notes
Turn   | Place    | Note
-------+----------+-------------------------------------------
     0 | D:1      | dngmouse the Draconian Monk began the quest for the Orb.
     0 | D:1      | Reached XP level 1. HP: 19/19 MP: 1/1
   185 | D:1      | Reached XP level 2. HP: 25/27 MP: 2/2
   876 | D:2      | Reached skill level 1 in Shields
   982 | D:2      | Reached XP level 3. HP: 28/33 MP: 3/3
  1414 | D:3      | Reached skill level 4 in Long Blades
  1414 | D:3      | Reached XP level 4. HP: 37/41 MP: 4/4
  1485 | D:3      | Found a faded altar of an unknown god.
  1496 | D:3      | Reached XP level 5. HP: 38/47 MP: 5/5
  1610 | D:3      | Reached skill level 5 in Fighting
  1751 | D:3      | Noticed Terence
  1761 | D:3      | Killed Terence
  1849 | D:3      | Found a glowing drain.
  1870 | Sewer    | Entered a sewer
  1899 | Sewer    | Reached skill level 5 in Long Blades
  2225 | Sewer    | Reached XP level 6. HP: 36/56 MP: 6/6
  2350 | Sewer    | Found a glowing silver altar of Zin.
  2471 | D:3      | Noticed Jessica
  2499 | D:3      | Killed Jessica
  2803 | D:4      | Reached skill level 6 in Long Blades
  3045 | D:4      | Noticed Eustachio
  3106 | D:4      | Killed Eustachio
  3106 | D:4      | Your scales start taking on a dull iron-grey colour.
  3106 | D:4      | Reached XP level 7. HP: 61/61 MP: 7/7
  3106 | D:4      | Gained mutation: You can survive without breathing. [Grey Draconian growth]
  3248 | D:4      | Learned a level 2 spell: Blink
  3421 | D:5      | Entered Level 5 of the Dungeon
  3470 | D:5      | Noticed Azzok's ghost (novice DDEE)
  3517 | D:5      | Killed Azzok's ghost
  3517 | D:5      | Reached skill level 7 in Long Blades
  3517 | D:5      | Reached XP level 8. HP: 36/69 MP: 8/8
  3538 | D:5      | HP: 3/69 [jelly (1)]
  3538 | D:5      | Splashed by a jelly's acid

Skill      XL: |  1  2  3  4  5  6  7 |
---------------+----------------------+-----
Shields        | 1 |  1.0
Fighting       | 4 5 |  5.5
Long Blades    | 4 5 6 7 |  7.5
Dodging        | 3 4 |  4.6
Translocations | 3 |  3.1
Stealth        | |  1.7

Action                   |  1- 3 |  4- 6 |  7- 9 || total
-------------------------+-------+-------+-------++-------
Melee: Falchion          |   140 |   223 |   107 ||   470
       Tailslap          |    20 |    40 |    19 ||    79
Throw: Tomahawk          |       |       |     5 ||     5
  Use: Potion            |       |     6 |     5 ||    11
 Stab: Sleeping          |       |     4 |     2 ||     6
  Eat: Chunk             |     2 |     6 |     1 ||     9
Armor: Skin              |    41 |    67 |    38 ||   146
Dodge: Dodged            |    80 |   132 |    52 ||   264
Block: Buckler           |    32 |    76 |    26 ||   134
       Rpst.: Falchion   |    29 |    53 |    15 ||    97
